 Dungeon Crawl Stone Soup version 0.31.0-12-g77e489cdc1 (webtiles) character file.

Game seed: 5023391571662745413

5397 Gadfly the Ruffian (level 10, -12/77 HPs)
             Began as a Demonspawn Monk on Feb 13, 2024.
             Was a Believer of Ru.
             Mangled by a wyvern (15 damage)
             ... on level 8 of the Dungeon.
             The game lasted 00:22:12 (7450 turns).

Gadfly the Ruffian (Demonspawn Monk)                Turns: 7450, Time: 00:22:12

Health: -12/77     AC:  6    Str: 17    XL:     10   Next: 40%
Magic:  10/10      EV: 15    Int: 10    God:    Ru [**....]
Gold:   253        SH:  0    Dex: 15    Spells: 3/9 levels left

rFire   . .          .
                       - Unarmed
rCold   . . .        c - orb {light}
rNeg    + + .        e - +2 robe "Edastruc" {-Cast rElec rN++ Regen+}
rPois   .            o - +0 helmet
rElec   +            (cloak unavailable)
rCorr   .            (no gloves)
SInv    .            q - +0 pair of boots
Will    .....        f - amulet of the acrobat Stlth
                     g - +4 ring of slaying
HPRegen 1.12/turn    (no ring)
MPRegen 0.12/turn

%: no spellcasting, acrobat
@: glowing
A: ignite blood 1, powered by death 2, no stealth, inability to train armour,
weakness stinger 3
a: Renounce Religion


You were on level 8 of the Dungeon.
You worshipped Ru.
Ru was pleased with you.
You visited 2 branches of the dungeon, and saw 10 of its levels.
You also visited: Sewer.

You collected 395 gold pieces.
You spent 142 gold pieces at shops.

Inventory:

Hand Weapons
 b - a +3 scythe of flaming
 y - a +2 trident of draining
Armour
 c - an orb of light (worn)
 e - the +2 robe "Edastruc" (worn) {-Cast rElec rN++ Regen+}
   (You found it on level 5 of the Dungeon)

   rElec:     It insulates you from electricity.
   rN++:      It greatly protects you from negative energy.
   -Cast:     It prevents spellcasting.
   Regen+:    It increases your rate of health regeneration.
 i - +0 steam dragon scales
 o - a +0 helmet (worn)
 q - a +0 pair of boots (worn)
Jewellery
 f - an amulet of the acrobat (around neck)
 g - a +4 ring of slaying (left hand)
Talismans
 d - a talisman of death
Wands
 k - a wand of polymorph (14)
 w - a wand of mindburst (8) (quivered)
Scrolls
 a - 2 scrolls of teleportation
 h - 4 scrolls of blinking
 v - 2 scrolls of identify
 x - 3 scrolls of poison
Potions
 j - 4 potions of curing
 l - 3 potions of ambrosia
 n - a potion of lignification
 p - a potion of cancellation
 r - a potion of haste
 s - 3 potions of heal wounds
 t - 2 potions of resistance


   Skills:
 + Level 6.4 Fighting
 + Level 6.4 Dodging
 + Level 7.5 Unarmed Combat
 + Level 6.3 Evocations
 * Level 6.9 Shapeshifting


You had 3 spell levels left.
You knew the following spells:

 Your Spells              Type           Power      Damage    Failure   Level
a - Swiftness             Air            0%         N/A       75%         3
b - Passwall              Erth           0%         N/A       75%         3

Your spell library contained the following spells:

 Spells                   Type           Power      Damage    Failure   Level
 Sandblast                Erth           0%         2d4       36%         1
 Slow                     Hex            0%         N/A       36%         1
 Ensorcelled Hibernation  Hex/Ice        0%         N/A       50%         2
 Confusing Touch          Hex            0%         N/A       75%         3
 Sigil of Binding         Hex            0%         N/A       75%         3
 Stone Arrow              Conj/Erth      0%         3d7       75%         3
 Vampiric Draining        Necr           0%         2d6       75%         3
 Brom's Barrelling Bould  Conj/Erth      0%         2d3       98%         4
 Passage of Golubria      Tloc           0%         N/A       98%         4
 Iskenderun's Battlesphe  Conj           0%         2d6       100%        5
 Silence                  Hex/Air        0%         N/A       100%        5
 Bombard                  Conj/Erth      0%         9d1       100%        6
 Haunt                    Necr/Summ      0%         N/A       100%        7
 Spellforged Servitor     Conj/Summ      0%         N/A       100%        7
 Borgnjor's Revivificati  Necr           0%         N/A       100%        8
 Lehudib's Crystal Spear  Conj/Erth      0%         10d2      100%        8
 Death's Door             Necr           0%         N/A       100%        9


Dungeon Overview and Level Annotations

Branches:
Dungeon (9/15)             Temple (1/1) D:5           Sewer (visited)
   Lair: D:8-11         Orc: D:9-12

Altars:
Cheibriados
Dithmenos
Fedhas
Gozag
Hepliaklqana
Kikubaaqudgha
Makhleb
Nemelex Xobeh
Okawaru
Qazlal
Ru
Sif Muna
Trog
Uskayaw
Vehumet
Xom
Yredelemnul

Shops:
D:4 **   D:6 ?   D:7 ?   D:8 *


Innate Abilities, Weirdness & Mutations

Your demonic aura sometimes causes spilled blood to erupt in flames.
You regenerate health from kills.
You cannot be stealthy.
You cannot train Armour skill.
You have a sharp stinger which inflicts weakening toxins.


Message History

The wyvern completely misses you.
There is a stone staircase leading up, spattered with blood here.
You hit the wyvern but do no damage.
The wyvern bites you but does no damage.
The wyvern closely misses you. The wyvern bites you!
The wyvern closely misses you. The water moccasin barely misses you.
The wyvern bites you.
You climb upwards.
There is a stone staircase leading down here.
You punch the wyvern!
The wyvern is moderately wounded.
The wyvern closely misses you.
The water moccasin is engulfed in blazing flames.
The water moccasin closely misses you. The wyvern bites you.
The wyvern bites you!
You hit the wyvern but do no damage.
The water moccasin is engulfed in blazing flames.
The water moccasin misses you. The wyvern bites you!
The wyvern closely misses you.
You punch the water moccasin!
You kill the water moccasin!
The wyvern barely misses you. The wyvern misses you.
The wyvern completely misses you.
You punch the wyvern!
The wyvern is moderately wounded.
The wyvern misses you. The wyvern closely misses you.
Unknown command.
You hit the wyvern.
The wyvern is moderately wounded.
The wyvern bites you. x2; The wyvern closely misses you.
You punch the wyvern!
The wyvern is severely wounded.
The wyvern bites you. The wyvern bites you!
* * * LOW HITPOINT WARNING * * *
The wyvern bites you!
* * * LOW HITPOINT WARNING * * *
You punch the wyvern!
The wyvern is almost dead.
The wyvern bites you!
You die...

.# #.# #.# .# #.#
#.# .# #.# #.# .#
#.######.# .#
#.#......# .#
#.#.###### .# #.#.#
.# #k#.# .#
##########@#.# .#
#........k.#.# .#
#.##########.######
.# #.# #......# .#
#.# ######.# .# #.#
#># .# #.# #.# .#
#.# #.# .# #.# #.#


You could see 2 wyverns.

Vanquished Creatures
  Pikel (D:6)
  Jeremiah (D:7)
  Sigmund (D:2)
  3 yaks (D:8)
  A steam dragon (D:8)
  4 water moccasins (D:8)
  3 orc warriors
  An ice beast (D:6)
  A sky beast (D:7)
  A black bear (D:4)
  A centaur (D:7)
  2 ogres
  2 lemures
  2 phantoms
  A kobold brigand (D:8)
  5 bullfrogs
  2 scorpions
  14 killer bees
  A bombardier beetle (D:7)
  4 hounds
  6 jellies
  2 gnoll boudas
  7 orc priests
  7 iguanas
  Terence (D:2)
  9 orc wizards
  17 gnolls
  11 adders
  A river rat (Sewer)
  4 white imps
  2 ufetubi (D:7)
  A dart slug (D:1)
  A ribbon worm (D:3)
  23 orcs
  15 endoplasms
  7 giant cockroaches
  6 goblins
  7 hobgoblins
  4 jackals (D:1)
  4 quokkas
  7 ball pythons
  4 bats
  6 frilled lizards
  12 kobolds
  8 rats
223 creatures vanquished.

Notes
Turn   | Place    | Note
-------+----------+-------------------------------------------
     0 | D:1      | Gadfly the Demonspawn Monk began the quest for the Orb.
     0 | D:1      | Reached XP level 1. HP: 18/18 MP: 1/1
   201 | D:1      | Gained mutation: You have a small tail. [demonic ancestry]
   201 | D:1      | Reached XP level 2. HP: 24/24 MP: 2/2
   280 | D:1      | Reached skill level 1 in Evocations
   328 | D:1      | Reached skill level 3 in Unarmed Combat
   625 | D:1      | Gained mutation: You regenerate a little health from kills.
                  | [demonic ancestry]
   625 | D:1      | Reached XP level 3. HP: 29/29 MP: 3/3
   702 | D:2      | Reached skill level 1 in Shapeshifting
   811 | D:2      | Found a stormy altar of Qazlal.
   926 | D:2      | Reached XP level 4. HP: 34/35 MP: 4/4
   964 | D:2      | Noticed Terence
   972 | D:2      | Killed Terence
  1040 | D:2      | Noticed Sigmund
  1050 | D:2      | Killed Sigmund
  1051 | D:2      | Reached skill level 4 in Unarmed Combat
  1051 | D:2      | Gained mutation: You have a tail ending in a sharp stinger.
                  | [demonic ancestry]
  1051 | D:2      | Reached XP level 5. HP: 31/41 MP: 5/5
  1051 | D:2      | Gained mutation: Your demonic aura sometimes causes spilled
                  | blood to erupt in flames. [demonic ancestry]
  1051 | D:2      | Reached XP level 6. HP: 36/47 MP: 6/6
  2239 | D:4      | Found Mibonex's General Store.
  2242 | D:4      | Found Xalim's Specific Store.
  2248 | D:4      | Bought a scroll of blinking for 75 gold pieces
  2261 | D:4      | Found a bloodstained altar of Trog.
  2327 | D:4      | Reached XP level 7. HP: 32/52 MP: 7/7
  3262 | D:5      | Entered Level 5 of the Dungeon
  3389 | D:5      | Found a staircase to the Ecumenical Temple.
  3390 | D:5      | Identified the +2 robe "Edastruc" {-Cast rElec rN++ Regen+}
  3399 | Temple   | Entered the Ecumenical Temple
  3417 | Temple   | Became a worshipper of Ru the Awakened
  3435 | D:5      | Gained mutation: You cannot train Armour skill. [Ru
                  | sacrifice]
  3435 | D:5      | Reached * piety under Ru
  3443 | D:5      | Found a burning altar of Makhleb.
  3772 | D:5      | Gained mutation: You regenerate health from kills. [demonic
                  | ancestry]
  3772 | D:5      | Reached XP level 8. HP: 55/60 MP: 8/8
  3861 | D:5      | Reached skill level 5 in Unarmed Combat
  3941 | D:6      | Noticed Pikel
  3970 | D:6      | Found a glowing drain.
  3995 | Sewer    | Entered a sewer
  4137 | Sewer    | Found a viscous altar of Jiyva.
  4445 | D:4      | Bought a +0 pair of boots for 45 gold pieces
  4642 | D:6      | Killed Pikel
  4643 | D:6      | Reached skill level 5 in Dodging
  4643 | D:6      | Reached skill level 6 in Unarmed Combat
  4643 | D:6      | Reached skill level 5 in Shapeshifting
  4643 | D:6      | Gained mutation: You have a sharp stinger which inflicts
                  | weakening toxins. [demonic ancestry]
  4643 | D:6      | Reached XP level 9. HP: 40/67 MP: 9/9
  4912 | D:6      | Reached skill level 5 in Fighting
  4915 | D:6      | Found a stormy altar of Qazlal.
  4918 | D:6      | Reached skill level 5 in Evocations
  5215 | D:6      | Found Zionisoi's Magic Scroll Shoppe.
  5236 | D:6      | Bought a scroll of identify for 22 gold pieces
  5325 | D:7      | Noticed Jeremiah
  5353 | D:7      | Killed Jeremiah
  5438 | D:7      | Learned a level 3 spell: Swiftness
  5442 | D:7      | Learned a level 3 spell: Passwall
  5644 | D:7      | Gained mutation: You cannot be stealthy. [Ru sacrifice]
  5644 | D:7      | Reached ** piety under Ru
  5889 | D:7      | Found Manujes's Magic Scroll Shop.
  5989 | D:7      | You fall into a shaft and drop 1 floor!
  6260 | D:8      | Reached skill level 7 in Unarmed Combat
  6410 | D:8      | Found Jaofeel's Serpentskin Sales.
  6425 | D:8      | Reached XP level 10. HP: 76/76 MP: 10/10
  7146 | D:8      | Found a hide-covered altar of Uskayaw.
  7146 | D:8      | Found a basalt altar of Yredelemnul.
  7449 | D:8      | HP: 2/77 [wyvern (16)]
  7450 | D:8      | Mangled by a wyvern

Illustrated notes

Levels and vault maps discovered:
D:1:      dpeg_arrival_simpleton_c, layout_loops_ring
D:2:      layout_basic, basic_altar, uniq_sigmund, uniq_terence
D:3:      layout_rooms, serial_forest, infiniplex_forest_lined_4_way,
          infiniplex_forest_lined_3_way, infiniplex_forest_end_2,
          infiniplex_forest_straight_4, infiniplex_forest_clump_curved,
          infiniplex_forest_clump_large, infiniplex_forest_lined_ring,
          minmay_fractal_squares_5
D:4:      layout_cave_pools, bloody_trog, nicolae_specific_store
D:5:      layout_rooms, makhleb_heckhound_becter,
          minmay_temple_entry_purple_smoke, interstate_on_off
D:6:      layout_cave_pods, old_standard_altar, cheibrodos_sewer_entry_drain,
          serial_shops, shop, uniq_pikel
D:7:      layout_cave_pools, nicolae_inconvenience_store, uniq_jeremiah
D:8:      layout_loops_ring, gammafunk_temple_overflow_statue,
          guppyfry_shop_venom
D:9:      layout_cross, minmay_lair_entry_grove, nicolae_zen_rock_garden,
          minmay_misc_feat_columns, minmay_misc_feat_chi,
          statue_in_the_mist_lemuel
Temple:   nicolae_temple_superstar

Skill      XL: |  1  2  3  4  5  6  7  8  9 10 |
---------------+-------------------------------+-----
Evocations     | 1 3 4 5 6 |  6.3
Unarmed Combat | 3 4 6 7 |  7.5
Shapeshifting  | 1 2 3 5 6 |  6.9
Dodging        | 3 4 5 6 |  6.4
Fighting       | 4 5 6 |  6.4

Action                     |  1- 3 |  4- 6 |  7- 9 | 10-12 || total
---------------------------+-------+-------+-------+-------++-------
  Melee: Unarmed           |    83 |    72 |   359 |   116 ||   630
         Tailslap          |     8 |    16 |    59 |    16 ||    99
 Invoke: Sacrifice Durabil |       |       |     1 |       ||     1
         Sacrifice Stealth |       |       |     1 |       ||     1
  Evoke: Wand              |       |       |     5 |       ||     5
    Use: Scroll            |     5 |     7 |     7 |       ||    19
         Potion            |       |       |     2 |       ||     2
 Armour: Robe              |    27 |    23 |   168 |    57 ||   275
         Steam dragon scal |       |       |     8 |    27 ||    35
  Dodge: Dodged            |    49 |    38 |   289 |   134 ||   510
